 Dungeon Crawl Stone Soup version 0.30-a0-279-g4b46babb21 (webtiles) character file.

Game seed: 9308868111535142407

16 koil the Sneak (level 2, -1/14 HPs)
             Began as a Spriggan Enchanter on Oct 17, 2022.
             Slain by a goblin
             ... wielding a +0 club
              (4 damage)
             ... on level 1 of the Dungeon.
             The game lasted 00:00:56 (189 turns).

koil the Sneak (Spriggan Enchanter)                  Turns: 189, Time: 00:00:56

Health: -1/14      AC:  2    Str:  4    XL:     2   Next: 37%
Magic:  6/7        EV: 17    Int: 16    God:
Gold:   23         SH:  0    Dex: 15    Spells: 5/7 levels left

rFire   . . .      SeeInvis +    a - +1 dagger
rCold   . . .      Faith    .    (no shield)
rNeg    . . .      Spirit   .    b - +0 robe
rPois   .          Reflect  .    (helmet restricted)
rElec   .          Harm     .    (no cloak)
rCorr   .          Rampage  .    (gloves unavailable)
Will    .....                    (boots unavailable)
Stlth   +++.......               (no amulet)
HPRegen 0.22/turn                (no ring)
MPRegen 0.10/turn                (no ring)

@: very quick
A: very small, no large weapons, unfitting armour, see invisible, speed 3
a: no special abilities


You were on level 1 of the Dungeon.
You visited 1 branch of the dungeon, and saw 1 of its levels.

You collected 23 gold pieces.

Inventory:

Hand Weapons
 a - a +1 dagger (weapon)
Armour
 b - a +0 robe (worn)
Scrolls
 f - 2 scrolls of identify {unknown}
 g - a scroll of amnesia {unknown}
Potions
 c - 2 potions of invisibility
 d - a potion of curing {unknown}
 e - a potion of haste {unknown}


   Skills:
 + Level 0.3 Fighting
 + Level 1.4 Short Blades
 + Level 2.9 Dodging
 + Level 4.7 Stealth
 + Level 3.0 Spellcasting
 + Level 3.7 Hexes


You had 5 spell levels left.
You knew the following spells:

 Your Spells              Type           Power      Damage    Failure   Level
a - Ensorcelled Hibernat  Hex/Ice        16%        N/A       13%         2

Your spell library contained the following spells:

 Spells                   Type           Power      Damage    Failure   Level
 Confusing Touch          Hex            14%        N/A       12%         3
 Tukima's Dance           Hex            14%        N/A       12%         3
 Dazzling Flash           Conj/Hex       16%        N/A       26%         3


Dungeon Overview and Level Annotations

Branches:
Dungeon (1/15)

Altars:


Innate Abilities, Weirdness & Mutations

You are very small and have problems with some larger weapons.
You are too small for most types of armour.
You have supernaturally acute eyesight. (SInv)
You cover ground extremely quickly. (Speed+++)


Message History

The goblin hits you with a +0 club.
The bat moves out of view.
You miss the goblin.
The goblin is moderately wounded.
The ball python bites you but does no damage.
The ball python barely misses you. The goblin closely misses you.
The goblin misses you.
You miss the goblin.
The goblin is moderately wounded.
The ball python completely misses you. The ball python misses you.
The goblin barely misses you. The goblin closely misses you.
You hit the goblin.
You kill the goblin!
The ball python barely misses you. The ball python closely misses you.
The goblin barely misses you.
You closely miss the goblin. The ball python misses you.
The ball python closely misses you. The goblin hits you with a +0 club.
The ball python barely misses you. The ball python grabs you.
The ball python constricts you.
You hit the ball python but do no damage.
The goblin hits you with a +0 club. The ball python closely misses you.
The ball python constricts you.
You are too injured to fight recklessly!
You are too injured to fight recklessly!
You are too injured to fight recklessly!
You hit the ball python.
The ball python is severely wounded.
The ball python bites you. The ball python constricts you.
The goblin barely misses you.
You hit the ball python.
You kill the ball python!
The goblin barely misses you.
Your Spellcasting skill increases to level 3!
You are too injured to fight recklessly!
You are too injured to fight recklessly!
You closely miss the goblin. You closely miss the goblin.
The goblin hits you with a +0 club.
* * * LOW HITPOINT WARNING * * *
You hit the goblin but do no damage. The goblin hits you but does no damage.
You barely miss the goblin. The goblin hits you with a +0 club.
You die...

. #. . ## #. ##..
..# #.# #..# #
...## .b ##...# .#
....# .#..... #
#...###)g.# ## .
#.....@.# . .# ..
###[.†### .. ..
..#..#.#..#.. ..
###...#.#...###
..#.
#.....#.#.....# ..
.###
..###...###...# ..
#... #...#.#S.)#...
.#
...###...#.#...###.
.# #.#..#...#.#...#


You could see a goblin and a bat (wandering).

Vanquished Creatures
  2 ball pythons (D:1)
  A giant cockroach (D:1)
  A goblin (D:1)
  A hobgoblin (D:1)
  A quokka (D:1)
  2 bats (D:1)
  4 kobolds (D:1)
  2 rats (D:1)
14 creatures vanquished.

Notes
Turn   | Place    | Note
-------+----------+-------------------------------------------
     0 | D:1      | koil the Spriggan Enchanter began the quest for the Orb.
     0 | D:1      | Reached XP level 1. HP: 9/9 MP: 5/5
   144 | D:1      | Reached XP level 2. HP: 13/13 MP: 6/6
   147 | D:1      | Learned a level 2 spell: Ensorcelled Hibernation
   189 | D:1      | Slain by a goblin

Illustrated notes

Levels and vault maps discovered:
D:1:      dpeg_arrival_houses_and_road, layout_rooms, st_stairs_9,
          nicolae_titane

Skill      XL: |  1  2 |
---------------+-------+-----
Spellcasting   | 3 |  3.0
Fighting       | |  0.3
Short Blades   | |  1.4
Dodging        | |  2.9
Stealth        | |  4.7
Hexes          | |  3.7

Action                   || total
-------------------------++-------
Melee: Dagger            ||    70
       Punch             ||     1
 Stab: Distracted        ||     1
       Sleeping          ||     1
Armor: Robe              ||    11
Dodge: Dodged            ||   104

Table legend: (Time is in decaauts)
 A = Elapsed time spent in this place.
 B = Non-inter-level travel time spent in this place.
 C = Inter-level travel time spent in this place.
 D = Time resting spent in this place.
 E = Time spent auto-exploring this place.
 F = Levels seen in this place.
 G = Mean time per level.
                   A        B        C        D        E       F      G
               +--------+--------+--------+--------+--------+-----+--------+
         Total |    145 |    145 |      0 |      0 |     38 |   1 |  145.0 |
       Dungeon |    145 |    145 |      0 |      0 |     38 |   1 |  145.0 |
               +--------+--------+--------+--------+--------+-----+--------+

Top non-repeatable levels by time:
     D:1: 145 daAuts
